 Dungeon Crawl Stone Soup version 0.27-a0-448-gace5c5693b (webtiles) character file.

Game seed: 11879633018012769622

77121 tilp the Martial Artist (level 15, -9/129 HPs)
             Began as an Octopode Transmuter on Feb 26, 2021.
             Was the Champion of Okawaru.
             Mangled by a chaos spawn (12 damage)
             ... summoned by an orc high priest
             ... on level 2 of the Orcish Mines on Feb 27, 2021.
             The game lasted 01:08:17 (29456 turns).

tilp the Martial Artist (Octopode Transmuter)      Turns: 29456, Time: 01:08:17

Health: -9/129     AC: 15    Str: 10    XL:     15   Next: 55%
Magic:  21/24      EV: 20    Int: 21    God:    Okawaru [******]
Gold:   3248       SH:  0    Dex: 19    Spells: 10/26 levels left

rFire    x . .     SeeInvis .     - Unarmed
rCold    + + +     Faith    .   (shield currently unavailable)
rNeg     + + .     Spirit   .   (helmet currently unavailable)
rPois    +         Reflect  .   r - amulet of regeneration
rElec    .         Harm     .   k - +4 ring of protection
rCorr    .         Rampage  .   I - +4 ring of protection
Will     +....                  T - ring of flight
Stlth    ++++......             V - +4 ring of evasion
HPRegen  1.31/turn              j - ring of Archear {*Contam rPois rN+ Dex+6}
MPRegen  0.19/turn              l - ring of positive energy
                                B - +4 ring of slaying
                                (no ring)

@: ice-form, wereblooded, studying 2 skills
A: large, almost no armour, stealthy swim, amphibious, 8 rings, (constrict 8)
a: End Transformation, Renounce Religion, Evoke Flight, Heroism, Finesse


You were on level 2 of the Orcish Mines.
You worshipped Okawaru.
Okawaru was exalted by your worship.
You were a creature of crystalline ice.
You visited 4 branches of the dungeon, and saw 21 of its levels.
You also visited: Ossuary and Gauntlet.

You collected 3375 gold pieces.
You spent 127 gold pieces at shops.

Inventory:

Missiles
 n - 13 silver javelins
 o - 87 poisoned darts (quivered)
 p - 12 atropa-tipped darts
 u - 13 boomerangs
 E - 14 curare-tipped darts
 K - 4 boomerangs of dispersal
 P - 3 throwing nets {!f}
Armour
 f - the +0 buckler "Ucwe" (melded) {rN+ MP+9 Dex+3}
   (You found it on level 4 of the Dungeon)

   It affects your dexterity (+3).
   It protects you from negative energy.
   It affects your magic capacity (+9).
 F - a +1 buckler of reflection
 O - a +2 hat of stealth (melded)
 S - a +0 buckler of protection
Magical Staves
 X - a staff of conjuration
Jewellery
 j - the ring of Archear (on tentacle) {*Contam rPois rN+ Dex+6}
   (You found it in a Gauntlet)

   [ring of dexterity]

   It affects your dexterity (+6).
   It protects you from poison.
   It protects you from negative energy.
   It causes magical contamination when unequipped.
 k - a +4 ring of protection (left front paw)
 l - a ring of positive energy (on tentacle)
 r - an amulet of regeneration (around neck)
 B - a +4 ring of slaying (on tentacle)
 D - an amulet of reflection
 I - a +4 ring of protection (right front paw)
 T - a ring of flight (on tentacle)
 V - a +4 ring of evasion (on tentacle)
 Y - an amulet of faith
Wands
 m - a wand of paralysis (21)
 H - a wand of mindburst (14)
 L - a wand of flame (37)
 Q - a wand of polymorph (11)
 R - a wand of charming (7)
 W - a wand of iceblast (8)
Scrolls
 e - 9 scrolls of blinking
 s - 9 scrolls of enchant armour
 v - 3 scrolls of amnesia
 y - 2 scrolls of fear
 A - a scroll of summoning
 G - 12 scrolls of identify
 J - a scroll of fog
 M - 4 scrolls of teleportation
 Z - 8 scrolls of magic mapping
Potions
 a - 14 potions of curing
 b - 5 potions of heal wounds
 c - 8 potions of flight
 d - 6 potions of ambrosia
 g - 2 potions of haste
 h - 2 potions of invisibility
 i - 3 potions of attraction
 q - 2 potions of cancellation
 t - 4 potions of brilliance
 w - 5 potions of mutation
 x - 2 potions of resistance
 z - 4 potions of lignification
 C - 3 potions of might
 U - 3 potions of berserk rage
Miscellaneous
 N - a box of beasts


   Skills:
 - Level 12.0 Fighting
 - Level 8.0 Dodging
 - Level 8.0 Stealth
 - Level 4.0 Shields
 + Level 13.9 Unarmed Combat
 - Level 6.0 Spellcasting
 - Level 10.0 Transmutations
 - Level 2.0 Ice Magic
 - Level 2.0 Poison Magic
 - Level 12.0 Invocations
 - Level 8.0 Evocations


You had 10 spell levels left.
You knew the following spells:

 Your Spells              Type           Power        Failure   Level
a - Beastly Appendage     Tmut           96%          1%          1
b - Wereblood             Tmut           48%          1%          2
c - Spider Form           Tmut/Pois      15%          2%          3
d - Ice Form              Ice/Tmut       31%          9%          4
e - Blade Hands           Tmut           24%          4%          5
f - Corona                Hex            6%           10%         1

Your spell library contained the following spells:

 Spells                   Type           Power        Failure   Level
 Animate Skeleton         Necr           12%          10%         1
 Foxfire                  Conj/Fire      24%          10%         1
 Magic Dart               Conj           24%          10%         1
 Pain                     Necr           24%          10%         1
 Summon Small Mammal      Summ           24%          10%         1
 Ensorcelled Hibernation  Hex/Ice        20%          10%         2
 Petrify                  Tmut/Erth      27%          12%         4
 Call Imp                 Summ           6%           14%         2
 Searing Ray              Conj           12%          14%         2
 Call Canine Familiar     Summ           6%           28%         3
 Confusing Touch          Hex            6%           28%         3
 Dazzling Flash           Conj/Hex       12%          28%         3
 Gell's Gravitas          Tloc           3%           28%         3
 Static Discharge         Conj/Air       6%           28%         3
 Summon Guardian Golem    Hex/Summ       6%           28%         3
 Tukima's Dance           Hex            6%           28%         3
 Vampiric Draining        Necr           3%           28%         3
 Yara's Violent Unravell  Hex/Tmut       13%          34%         5
 Summon Ice Beast         Ice/Summ       10%          54%         4
 Animate Dead             Necr           3%           67%         4
 Cause Fear               Hex            3%           67%         4
 Fulminant Prism          Conj/Hex       3%           67%         4
 Iskenderun's Mystic Bla  Conj/Tloc      6%           67%         4
 Summon Lightning Spire   Summ/Air       6%           67%         4
 Dragon Form              Tmut           24%          80%         7
 Metabolic Englaciation   Hex/Ice        5%           87%         5
 Agony                    Necr           6%           95%         5
 Lightning Bolt           Conj/Air       3%           95%         5
 Ignition                 Fire           3%           100%        8
 Dragon's Call            Summ           3%           100%        9
 Shatter                  Erth           3%           100%        9
 Tornado                  Air            3%           100%        9


Dungeon Overview and Level Annotations

Branches:
Dungeon (12/15)            Temple (1/1) D:6            Lair (6/6) D:9
  Swamp (0/4) Lair:3       Spider (0/4) Lair:3        Slime (0/5) Lair:5
    Orc (2/2) D:9             Elf (0/3) Orc:2       Ossuary (visited)
Gauntlet (visited)

Altars:
Ashenzari
Cheibriados
Dithmenos
Elyvilon
Fedhas
Gozag
Hepliaklqana
Kikubaaqudgha
Makhleb
Nemelex Xobeh
Okawaru
Qazlal
Ru
Sif Muna
Trog
Uskayaw
Vehumet
Wu Jian
Xom
Yredelemnul
Zin
The Shining One
Jiyva

Shops:
D:7 ?   D:9 *   Orc:2 [!


Innate Abilities, Weirdness & Mutations

You cannot wear most types of armour.
You are very stealthy in the water. (Stealth+)
You are amphibious.
You can wear up to eight rings at the same time.
((You can use your tentacles to constrict eight enemies at once.))
((Your skin changes colour to match your surroundings (Stealth+).))
((Your rubbery body absorbs attacks. (AC +1, EV +1)))


Message History

The orcs go into a battle-frenzy!
Things that are here:
a +0 halberd; a +0 chain mail Something barely misses you.
The orc high priest mumbles some strange prayers to Beogh against you.
Beogh smites you!
The orc warrior hits you from afar with a +0 trident!
You pummel something!! You freeze something. Okawaru accepts your kill.
Reactivating autopickup.
You feel a bit more experienced.
An orc priest comes into view.
You closely miss the orc knight.
The orc knight hits you with a +0 war axe.
You punch the orc knight! You freeze the orc knight.
The orc knight is moderately wounded.
You hit the orc knight but do no damage.
The orc knight is moderately wounded.
The orc knight hits you but does no damage.
You pummel the orc knight!! You freeze the orc knight!
The orc knight is almost dead.
The orc knight closely misses you.
You punch the orc knight! You freeze the orc knight.
You kill the orc knight!
Okawaru accepts your kill.
The orc high priest prays to Beogh.
The orc knight barely misses you.
Items here: ))))))))))) [[[[[[[[[[[[ †††††††††.
You punch the orc high priest! You freeze the orc high priest.
The orc high priest is moderately wounded.
The orc high priest hits you but does no damage.
The orc priest mumbles some strange prayers to Beogh against you.
Beogh smites you!
The orc warrior hits you from afar with a +0 trident.
The orc knight hits you with a +0 great sword!!!
* * * LOW HITPOINT WARNING * * *
You completely miss the chaos spawn. The chaos spawn hits you.
* * * LOW HITPOINT WARNING * * *
Space warps horribly around you!
You die...

................#.#..............
#######.############.............
######.###### #..............
#...........### ##..#.#........
...####.####...## ###........#..
#.######..## ##......#...
#.#...###.)# #....#.###.#
#.#.....##4# ##....## ###
#.#....o)#Y# ###.## ... #o)oo#
### ... ##4o## #..# ...# ##..#
..## .∩# ##


You could see an orc knight (strong), an orc high priest (strong), an ice devil
(summoned), a chaos spawn (summoned), an orc warrior (strong) and an orc priest
(strong).

Vanquished Creatures
  Gastronok (D:9)
  A minotaur (Gauntlet)
  A fire dragon (Lair:6)
  Harold (D:10)
  9 hydras
  Erolcha (D:12)
  A boulder beetle (Lair:6)
  An ice dragon (Lair:6)
  A centaur warrior (D:11)
  5 two-headed ogres
  A death scarab (Gauntlet)
  3 death yaks (Lair:4)
  3 orc high priests
  Nergalle (Lair:3)
  Sonja (Orc:1)
  The ghost of Tungsten the Cleaver, a novice HOFi (D:7)
  5 skeletal warriors (D:12)
  2 unseen horrors (D:12)
  An orange crystal statue (Gauntlet)
  A swamp dragon (Lair:6)
  3 lindwurms
  A necromancer (Gauntlet)
  A spectral hydra (Gauntlet)
  3 orc knights (Orc:2)
  7 orc sorcerers
  An orb spider (Lair:3)
  4 cyclopes
  2 slime creatures
  A wolf spider zombie (D:11)
  A manticore (D:5)
  An ugly thing (D:11)
  10 elephants
  5 black mambas
  6 cane toads
  A komodo dragon (Lair:6)
  5 torpor snails (Lair:6)
  9 rime drakes
  4 trolls
  8 hornets
  2 polar bears (Lair:2)
  7 blink frogs
  6 tyrant leeches
  3 wyverns
  A vampire (D:9)
  51 yaks
  3 hogs (D:8)
  A human (D:8)
  2 basilisks
  4 steam dragons
  A warg (Orc:2)
  2 soldier ants
  A swamp worm (Lair:3)
  17 water moccasins
  18 orc warriors
  5 ice beasts
  5 sky beasts
  4 black bears
  5 centaurs
  14 ogres
  27 wolves
  A phantom (D:10)
  2 kobold brigands
  A gnoll sergeant (D:9)
  16 bullfrogs
  2 wyvern zombies
  3 scorpions
  A wyvern skeleton (D:12)
  5 spriggan skeletons (D:12)
  24 killer bees
  8 wights
  A troll skeleton (D:12)
  3 howler monkeys (D:10)
  6 electric eels
  11 bullfrog zombies
  2 centaur skeletons
  5 centaur zombies
  4 bullfrog skeletons
  18 orc priests
  8 hounds
  6 jellies
  10 iguanas
  25 orc wizards
  7 worker ants
  3 hound zombies (Ossuary)
  8 mummies (Ossuary)
  3 worker ant zombies
  6 gnolls
  A howler monkey skeleton (D:5)
  21 adders
  2 shadow imps
  4 white imps
  4 ufetubi
  An ooze (D:3)
  6 adder zombies
  7 worms
  11 dart slugs
  4 leopard geckos
  75 orcs
  11 giant cockroaches
  5 goblins
  7 hobgoblins
  5 jackals
  8 quokkas
  5 ball pythons
  5 bats
  6 frilled lizards
  23 kobolds
  2 leopard gecko skeletons
  A leopard gecko zombie (Ossuary)
  A quokka zombie (Ossuary)
  11 rats
708 creatures vanquished.

Vanquished Creatures (others)
  An iguana (Lair:6)
  An orc wizard (Orc:1)
  24 fungi
  26 plants
  9 withered plants (Ossuary)
61 creatures vanquished.

Grand Total: 769 creatures vanquished

Notes
Turn   | Place    | Note
-------+----------+-------------------------------------------
     0 | D:1      | tilp the Octopode Transmuter began the quest for the Orb.
     0 | D:1      | Reached XP level 1. HP: 13/13 MP: 3/3
    11 | D:1      | Reached skill level 1 in Stealth
   735 | D:1      | Reached XP level 2. HP: 14/18 MP: 5/5
   744 | D:1      | Learned a level 2 spell: Wereblood
  1210 | D:1      | Reached XP level 3. HP: 21/23 MP: 6/6
  2733 | D:2      | Reached XP level 4. HP: 29/29 MP: 7/7
  2898 | D:2      | Learned a level 1 spell: Corona
  3657 | D:3      | Noticed an ogre
  3667 | D:3      | Killed an ogre
  3668 | D:3      | Reached skill level 4 in Unarmed Combat
  3668 | D:3      | Reached XP level 5. HP: 6/36 MP: 4/8
  4064 | D:3      | Paralysed by a kobold for 7 turns
  4304 | D:3      | Reached XP level 6. HP: 42/42 MP: 7/9
  4468 | D:3      | Found a radiant altar of Vehumet.
  4629 | D:3      | Found a sacrificial altar of Ru.
  5179 | D:4      | Reached skill level 5 in Unarmed Combat
  5284 | D:4      | Found a glowing silver altar of Zin.
  5285 | D:4      | Found a hazy altar of Hepliaklqana.
  5287 | D:4      | Found a broken altar of Ashenzari.
  5288 | D:4      | Found a blossoming altar of Fedhas.
  5696 | D:4      | Reached XP level 7. HP: 37/48 MP: 10/10
  5701 | D:4      | Identified the +0 buckler "Ucwe" {rN+ MP+9 Dex+3}
  5969 | D:5      | Entered Level 5 of the Dungeon
  5980 | D:5      | Learned a level 3 spell: Spider Form
  5986 | D:5      | Found a radiant altar of Vehumet.
  6012 | D:5      | Reached skill level 1 in Shields
  6012 | D:5      | Reached skill level 6 in Unarmed Combat
  6080 | D:5      | Reached skill level 1 in Evocations
  6957 | D:5      | Reached XP level 8. HP: 19/54 MP: 11/11
  7345 | D:6      | Found a sand-covered staircase.
  7377 | D:6      | Reached skill level 1 in Poison Magic
  7470 | Ossuary  | Entered an ossuary
  7692 | Ossuary  | Reached skill level 5 in Transmutations
  7938 | Ossuary  | Reached XP level 9. HP: 58/58 MP: 15/15
  8109 | Ossuary  | Learned a level 4 spell: Ice Form
  8942 | D:6      | Found a staircase to the Ecumenical Temple.
  8956 | Temple   | Entered the Ecumenical Temple
  8961 | Temple   | Became a worshipper of Warmaster Okawaru
  9234 | D:7      | Found a runed translucent door.
  9238 | D:7      | Noticed Tungsten's ghost (novice HOFi)
  9553 | D:7      | Reached skill level 5 in Fighting
 10025 | D:7      | Reached * piety under Okawaru
 10063 | D:7      | Reached skill level 7 in Unarmed Combat
 10372 | D:7      | Found Xaocrub's Magic Scroll Emporium.
 10377 | D:7      | Bought a scroll of magic mapping for 52 gold pieces
 10377 | D:7      | Bought a scroll of teleportation for 45 gold pieces
 10377 | D:7      | Bought a scroll of fog for 30 gold pieces
 10455 | D:7      | Reached XP level 10. HP: 68/68 MP: 12/16
 10541 | D:7      | Found a burning altar of Makhleb.
 10627 | D:7      | Noticed a cacodemon
 10631 | D:7      | Noticed an orange demon
 10933 | D:8      | Noticed a two-headed ogre
 11040 | D:8      | Reached skill level 5 in Dodging
 11218 | D:8      | Killed a two-headed ogre
 11218 | D:8      | Reached ** piety under Okawaru
 11219 | D:8      | Reached skill level 8 in Unarmed Combat
 11219 | D:8      | Reached skill level 1 in Ice Magic
 11219 | D:8      | Reached skill level 1 in Invocations
 11441 | D:8      | Reached *** piety under Okawaru
 11798 | D:9      | Found Keov's Assorted Antiques.
 12420 | D:9      | Noticed Gastronok
 12547 | D:9      | Reached **** piety under Okawaru
 12548 | D:9      | Reached skill level 5 in Spellcasting
 13028 | D:9      | Noticed a two-headed ogre
 13037 | D:9      | Killed a two-headed ogre
 13038 | D:9      | Reached XP level 11. HP: 72/72 MP: 17/19
 13124 | D:9      | Found a staircase to the Lair.
 13208 | D:9      | Killed Gastronok
 13208 | D:9      | Reached ***** piety under Okawaru
 13441 | D:9      | Found a staircase to the Orcish Mines.
 13459 | D:9      | Reached skill level 5 in Evocations
 13565 | D:9      | Reached skill level 5 in Invocations
 13879 | D:5      | Noticed a manticore
 13912 | D:5      | Killed a manticore
 13912 | D:5      | Received a gift from Okawaru
 14186 | D:10     | Entered Level 10 of the Dungeon
 14293 | D:10     | Noticed Harold
 14443 | D:10     | Noticed a two-headed ogre
 14577 | D:10     | Killed a two-headed ogre
 14876 | D:10     | Killed Harold
 16446 | D:11     | Reached skill level 5 in Stealth
 16546 | D:11     | Noticed a cyclops
 16556 | D:11     | Killed a cyclops
 16556 | D:11     | Received a gift from Okawaru
 16557 | D:11     | Reached XP level 12. HP: 76/80 MP: 18/21
 16805 | D:11     | Noticed a centaur warrior
 16819 | D:11     | Killed a centaur warrior
 17007 | D:11     | Learned a level 5 spell: Blade Hands
 17026 | D:12     | Noticed Erolcha
 17239 | Lair:1   | Entered Level 1 of the Lair of Beasts
 17779 | Lair:1   | Identified the +8 scimitar of Resourcefulness {vamp, Str+4}
 17998 | Lair:1   | Reached skill level 9 in Unarmed Combat
 19395 | Lair:2   | Reached skill level 10 in Unarmed Combat
 19946 | Lair:3   | Noticed a five-headed hydra
 19949 | Lair:3   | Noticed a five-headed hydra
 19960 | Lair:3   | Killed a five-headed hydra
 20148 | Lair:3   | Noticed a four-headed hydra
 20178 | Lair:2   | Killed a four-headed hydra
 20178 | Lair:2   | Reached ****** piety under Okawaru
 20179 | Lair:2   | Reached XP level 13. HP: 28/89 MP: 22/22
 20324 | Lair:2   | Identified the +2 buckler "Salur" {*Corrode Int+3 Dex+2}
                  | (Okawaru gifted it to you on level 2 of the Lair of Beasts)
 20324 | Lair:2   | Received a gift from Okawaru
 20543 | Lair:3   | Found a hole to the Spider Nest.
 21068 | Lair:3   | Identified a scroll of acquirement
 21068 | Lair:3   | Acquired 976 gold pieces
 21648 | Lair:3   | Noticed Nergalle
 21657 | Lair:3   | Killed Nergalle
 21822 | Lair:3   | Found a staircase to the Swamp.
 22154 | Lair:4   | Reached skill level 11 in Unarmed Combat
 22186 | Lair:4   | Found a gate leading to a gauntlet.
 22204 | Gauntlet | Entered a Gauntlet
 22204 | Gauntlet | Found a transporter.
 22204 | Gauntlet | Found a transporter.
 22270 | Gauntlet | Found a transporter.
 22274 | Gauntlet | Found a transporter.
 22278 | Gauntlet | Found a runed translucent door.
 22278 | Gauntlet | Found a runed translucent door.
 22282 | Gauntlet | Found a transporter.
 22286 | Gauntlet | Found a transporter.
 22294 | Gauntlet | Found a transporter.
 22311 | Gauntlet | Found a transporter.
 22332 | Gauntlet | Found a transporter.
 22333 | Gauntlet | Found a transporter.
 22341 | Gauntlet | Found a transporter.
 22345 | Gauntlet | Found a transporter.
 22599 | Gauntlet | Identified the ring of Archear {*Contam rPois rN+ Dex+6}
 22606 | Gauntlet | Acquired a book of the Dragon
 22639 | Gauntlet | Identified the +2 trident of Dim Light {vamp, Dex+3}
 22639 | Gauntlet | Noticed a minotaur
 22649 | Gauntlet | Killed a minotaur
 22650 | Gauntlet | Reached skill level 10 in Invocations
 22920 | Lair:4   | Reached skill level 10 in Fighting
 22968 | Lair:4   | Reached skill level 10 in Transmutations
 23327 | Lair:5   | Reached XP level 14. HP: 99/99 MP: 17/23
 23518 | Lair:5   | Received a gift from Okawaru
 23519 | Lair:5   | Reached skill level 12 in Unarmed Combat
 23865 | Lair:5   | Found a staircase to the Slime Pits.
 23865 | Lair:5   | Found a viscous altar of Jiyva.
 24138 | Lair:6   | Entered Level 6 of the Lair of Beasts
 24982 | Lair:6   | Found a runed translucent door.
 25022 | Lair:6   | Received a gift from Okawaru
 26176 | D:12     | Found a shadowy altar of Dithmenos.
 26489 | D:12     | Reached XP level 15. HP: 106/106 MP: 20/24
 26528 | D:12     | Reached skill level 13 in Unarmed Combat
 26895 | D:12     | Identified the +2 hat "Zinuneh" {rN++ Will- Regen+ SInv}
                  | (Okawaru gifted it to you on level 12 of the Dungeon)
 26895 | D:12     | Received a gift from Okawaru
 27031 | D:12     | Killed Erolcha
 27714 | D:7      | Killed Tungsten's ghost
 27818 | Orc:1    | Entered Level 1 of the Orcish Mines
 27860 | Orc:1    | Noticed Sonja
 27877 | Orc:1    | Killed Sonja
 27886 | Orc:1    | Paralysed by an orc sorcerer for 2 turns
 28128 | Orc:1    | Upgraded the game from 0.27-a0-421-g7ddf969dea to
                  | 0.27-a0-448-gace5c5693b
 28130 | Orc:2    | Entered Level 2 of the Orcish Mines
 28139 | Orc:2    | Found a staircase to the Elven Halls.
 29079 | Orc:2    | Found Dirchu Mono's Distillery.
 29382 | Orc:2    | Found Vyux's Antique Armour Shop.
 29455 | Orc:2    | HP: 4/129 [orc knight/+0 great sword (48)]
 29456 | Orc:2    | Mangled by a chaos spawn

Illustrated notes

Levels and vault maps discovered:
D:1:      erik_arrival_blinker_ship, layout_loops_ring
D:2:      layout_rooms, minmay_stone_trees_small, minmay_pentomino_s2
D:3:      layout_basic, nicolae_ru_the_path_less_chosen, vehumet_crystals
D:4:      layout_basic, minitemple
D:5:      layout_gridville, basic_altar, minmay_manual_monolith
D:6:      layout_basic, temple_green, nicolae_ossuary_entry_monument,
          kennysheep_nondescript
D:7:      kennysheep_slugbush, layout_loops_corners, makhleb_altar_promises_db,
          ebering_ghost_inner_flame, serial_shops, shop
D:8:      layout_cave_pools, grunt_livestock, abandoned_shop,
          serial_bayou_crossing
D:9:      layout_layer_cave, lair_entry_dummy, erik_orc_2, serial_shops,
          kennysheep_little_box, uniq_gastronok
D:10:     layout_cross, uniq_harold
D:11:     layout_layer_cave
D:12:     layout_long_grid, basic_altar, hangedman_tell_no_tales, uniq_erolcha
Temple:   minmay_freezing_vapour_temple
Lair:1:   layout_loops_ring, beast_lair_carwin_5, grunt_megastairs_1
Lair:2:   layout_small_grid, st_stairs_11, gammafunk_lair_bear_cave
Lair:3:   layout_gridlike, minmay_swamp_entry_worms,
          nicolae_spider_entry_orb_guardian, uniq_nergalle
Lair:4:   layout_cave_shapes, gauntlet_entry_generic
Lair:5:   layout_cave_shapes, slime_altar_1, grunt_megastairs_2
Lair:6:   wormcave, layout_loops_ring, guppyfry_lair_end_dragon,
          serial_bayou_pond_e
Orc:1:    layout_caves, uniq_sonja
Orc:2:    st_orc_elflike, layout_caves, serial_shops, nicolae_shop_stone

Skill      XL: |  1  2  3  4  5  6  7  8  9 10 11 12 13 14 15 |
---------------+----------------------------------------------+-----
Stealth        | 2 3 4 5 6 8 |  8.0
Fighting       | 3 4 5 6 8 10 11 12 | 12.0
Unarmed Combat | 4 5 6 7 8 10 11 12 13 | 13.9
Shields        | 2 4 |  4.0
Evocations     | 4 6 8 |  8.0
Poison Magic   | 2 |  2.0
Transmutations | 6 7 8 10 | 10.0
Spellcasting   | 4 5 6 |  6.0
Dodging        | 4 6 8 |  8.0
Ice Magic      | 2 |  2.0
Invocations    | 4 8 10 11 12 | 12.0

Action                   |  1- 3 |  4- 6 |  7- 9 | 10-12 | 13-15 || total
-------------------------+-------+-------+-------+-------+-------++-------
Melee: Unarmed           |   105 |   147 |   425 |   715 |   871 ||  2263
       Constrict         |    32 |    35 |    82 |    24 |    12 ||   185
       Tentacles         |    18 |    25 |    75 |    18 |    33 ||   169
       Punch             |     1 |     3 |    18 |     8 |    12 ||    42
       Kick              |     4 |    24 |    88 |     8 |       ||   124
Throw: Stone             |       |     4 |       |       |       ||     4
       Dart              |       |     3 |    13 |     4 |       ||    20
       Boomerang         |       |       |     1 |       |       ||     1
 Cast: Beastly Appendage |     4 |    20 |    31 |     8 |       ||    63
       Wereblood         |       |     5 |    14 |    30 |    32 ||    81
       Corona            |       |       |     5 |     2 |     9 ||    16
       Spider Form       |       |       |     8 |    37 |     2 ||    47
       Ice Form          |       |       |       |    31 |    58 ||    89
       Blade Hands       |       |       |       |       |     2 ||     2
Invok: Heroism           |       |       |       |    12 |    13 ||    25
       Finesse           |       |       |       |       |     2 ||     2
 Abil: End Transformatio |       |       |       |     1 |       ||     1
Evoke: Wand              |       |       |       |    12 |     7 ||    19
       Box of beasts     |       |       |       |     1 |     2 ||     3
  Use: Scroll            |       |     7 |    19 |     6 |     3 ||    35
       Potion            |       |       |     2 |     3 |     3 ||     8
 Stab: Sleeping          |    16 |    10 |     7 |    10 |     9 ||    52
       Distracted        |       |       |     2 |     3 |     1 ||     6
       Paralysed         |       |       |       |     7 |     1 ||     8
Armor: Skin              |     3 |    18 |    87 |   196 |   182 ||   486
Dodge: Dodged            |    46 |    75 |   180 |   662 |   665 ||  1628
Block: Buckler           |       |       |    45 |    16 |    29 ||    90

Table legend: (Time is in decaauts)
 A = Elapsed time spent in this place.
 B = Non-inter-level travel time spent in this place.
 C = Inter-level travel time spent in this place.
 D = Time resting spent in this place.
 E = Time spent auto-exploring this place.
 F = Levels seen in this place.
 G = Mean time per level.
                   A        B        C        D        E       F      G
               +--------+--------+--------+--------+--------+-----+--------+
         Total |  29104 |  26797 |   2307 |   4968 |  15624 |  23 | 1265.4 |
       Dungeon |  18127 |  16682 |   1445 |   3662 |   9879 |  12 | 1510.6 |
        Temple |     10 |      6 |      4 |      0 |      0 |   1 |   10.0 |
          Lair |   8212 |   7479 |    733 |    912 |   4723 |   6 | 1368.7 |
  Orcish Mines |   1598 |   1474 |    124 |      0 |    799 |   2 |  799.0 |
       Ossuary |    662 |    662 |      0 |    261 |    133 |   1 |  662.0 |
      Gauntlet |    493 |    493 |      0 |    133 |     90 |   1 |  493.0 |
               +--------+--------+--------+--------+--------+-----+--------+

Top non-repeatable levels by time:
     D:9: 2473 daAuts
     D:1: 1971 daAuts
     D:7: 1919 daAuts
  Lair:6: 1835 daAuts
  Lair:2: 1802 daAuts
    D:11: 1782 daAuts
     D:2: 1674 daAuts
     D:5: 1630 daAuts
  Lair:3: 1539 daAuts
  Lair:1: 1518 daAuts
     D:4: 1216 daAuts
    D:10: 1192 daAuts
     D:6: 1181 daAuts
    D:12: 1175 daAuts
     D:3: 1091 daAuts
